General information
			
			
        
        - name: 1v1 obs - Singcasted!
 
        - type: Custom game
 
        - host: BEAR_AND
 
        - saver: tIMG4strok
 
        
map: MeltingValley 
        - players: 12
 
        - length: 24:25
 
        - speed: Fast
 - version: 1.22 W3XP
 - replay type:  

 
» download(133 KB)
Players
        team 1 (loser) 
              
              
Mata. (
green | 188 APM | 4590 actions | 24:24)
              
 4 Warden 
 2 Shadow Strike
 2 Fan of Knives
 4 Naga Sea Witch 
 2 Frost Arrows
 2 Forked Lightning
 
                » actions 
                
                | Assign group hotkey | 494 |  | 
| Basic commands | 14 |  | 
| Build / train | 93 |  | 
| Enter build submenu | 18 |  | 
| Enter hero's abilities submenu | 10 |  | 
| Remove unit from queue | 5 |  | 
| Right click | 2441 |  | 
| Select / deselect | 903 |  | 
| Select group hotkey | 457 |  | 
| Use ability | 155 |  | 
                4590 total
 » units 
                
                | Wisp | 32 |  | 
| Archer | 5 |  | 
| Dryad | 21 |  | 
| Druid of the Claw | 1 |  | 
| Hippogryph | 1 |  | 
                60 total
 » upgrades
                
                | Abolish Magic | 1 |  | 
| Druid of the Claw Training | 1 |  | 
| Strength of the Wild | 1 |  | 
| Well Spring | 1 |  | 
                4 total
 » buildings
                
                | Altar of Elders | 1 |  | 
| Moon Well | 5 |  | 
| Ancient of War | 1 |  | 
| Tree of Ages | 1 |  | 
| Hunter's Hall | 1 |  | 
| Ancient of Lore | 2 |  | 
| Ancient Protector | 1 |  | 
| Tree of Eternity | 2 |  | 
| Tree of Life | 1 |  | 
| Ancient of Wind | 1 |  | 
| Ancient of Wonders | 1 |  | 
                17 total
 » build order
                00:04 Altar of Elders
00:19 Moon Well
00:50 Ancient of War
01:31 Moon Well
02:29 Tree of Ages
03:12 Moon Well
05:03 Hunter's Hall
06:16 Ancient of Lore
06:16 Ancient of Lore
06:36 Moon Well
06:39 Ancient Protector
07:28 Tree of Eternity
11:25 Tree of Life
15:45 Moon Well
16:51 Ancient of Wind
17:27 Ancient of Wonders
» items
                
                | Scroll of Healing | 3 |  | 
| Staff of Preservation | 1 |  | 
| Scroll of Town Portal | 1 |  | 
                5 total
  
               team 2 (winner) 
              
              
NADMaN (
orange | 218 APM | 5331 actions | 24:24)
              
 6 Death Knight 
 3 Death Coil
 3 Unholy Aura
 4 Lich 
 2 Frost Nova
 2 Dark Ritual
 2 Dreadlord 
 1 Sleep
 1 Vampiric Aura
 
                » actions 
                
                | Assign group hotkey | 27 |  | 
| Basic commands | 167 |  | 
| Build / train | 85 |  | 
| ESC pressed | 3 |  | 
| Enter build submenu | 15 |  | 
| Enter hero's abilities submenu | 12 |  | 
| Give item / drop item | 4 |  | 
| Right click | 2341 |  | 
| Select / deselect | 660 |  | 
| Select group hotkey | 1865 |  | 
| Use ability | 151 |  | 
                5331 total
 » units 
                
                | Acolyte | 10 |  | 
| Ghoul | 16 |  | 
| Obsidian Statue | 3 |  | 
| Gargoyle | 11 |  | 
| Abomination | 2 |  | 
                42 total
 » upgrades
                
                | Ghoul Frenzy | 1 |  | 
| Creature Attack | 2 |  | 
                3 total
 » buildings
                
                | Crypt | 2 |  | 
| Ziggurat | 4 |  | 
| Altar of Darkness | 1 |  | 
| Tomb of Relics | 1 |  | 
| Nerubian Tower | 2 |  | 
| Halls of the Dead | 2 |  | 
| Graveyard | 1 |  | 
| Slaughterhouse | 2 |  | 
| Black Citadel | 3 |  | 
| Necropolis | 1 |  | 
                19 total
 » build order
                00:05 Crypt
00:08 Ziggurat
00:22 Altar of Darkness
01:09 Tomb of Relics
01:31 Ziggurat
02:56 Nerubian Tower
02:56 Nerubian Tower
03:12 Halls of the Dead
03:12 Halls of the Dead
04:27 Graveyard
04:29 Ziggurat
05:09 Crypt
05:49 Slaughterhouse
06:29 Slaughterhouse
06:56 Black Citadel
06:56 Black Citadel
06:57 Black Citadel
09:00 Ziggurat
20:11 Necropolis
» items
                
                | Rod of Necromancy | 2 |  | 
| Dust of Appearance | 2 |  | 
| Boots of Speed | 1 |  | 
| Scroll of Town Portal | 6 |  | 
| Scroll of Healing | 1 |  | 
                12 total
  
               observersBEAR_AND, 
LiketheAngel, 
BANMEPLEASE, 
TaysChreNN, 
iggy_the_fisk, 
solo2, 
tIMG4strok, 
bLinn, 
Gobiner, 
westonb Chat log
          (00:05 / Observers) westonb: when to sync?
(00:08 / Observers) TaysChreNN: lol
(00:09 / All) Mata.: hmmmmmmm laggen
(00:10 / Observers) LiketheAngel: wow
(00:10 / Observers) TaysChreNN: 5:10 am in england
(00:11 / Observers) TaysChreNN: :|
(00:13 / Observers) LiketheAngel: i love the latin intro
(00:15 / Observers) LiketheAngel: then this
(00:17 / All) Mata.: gl & HJF
(00:23 / All) NADMaN: gg gl
(00:25 / All) NADMaN: eta
(00:44 / Observers) Gobiner: songcastin and beer
(00:49 / Observers) Gobiner: best thing ever
(01:04 / Observers) TaysChreNN: how often do these singcasts get done?
(01:10 / Observers) BEAR_AND: like once a week maybe
(01:18 / Observers) TaysChreNN: aww ye
(01:24 / Observers) solo2: nice warden
(01:53 / Observers) solo2: gargs t2?
(01:55 / Observers) solo2: maybe..
(02:04 / Observers) solo2: dl
(02:05 / Observers) solo2: lol
(02:38 / Observers) tIMG4strok: ouch
(02:40 / Observers) tIMG4strok: aow almost
(02:41 / Observers) tIMG4strok: kiled him
(02:49 / Observers) westonb: did someone in TOWA make that youtube video?
(02:52 / Observers) tIMG4strok: which
(02:54 / Observers) BEAR_AND: i did
(03:01 / Observers) solo2: stolen
(03:01 / Observers) TaysChreNN: aow killed da creep
(03:02 / Observers) TaysChreNN: ;\
(03:09 / Observers) westonb: tovva w/e
(03:17 / Observers) BEAR_AND: oh tovverpowernerf?
(03:20 / Observers) westonb: aye
(03:27 / Observers) tIMG4strok: guy just started playing again after like 6 month hiatus, give him a break
(03:28 / Observers) BEAR_AND: he's in towa but we play with him like once every two months
(03:41 / Observers) westonb: oic
(03:51 / Observers) solo2: ss is soo imba
(03:54 / Observers) solo2: -_____-
(03:59 / Observers) TaysChreNN: lol
(04:00 / Observers) tIMG4strok: popiggitgoj
(04:01 / Observers) solo2: imba
(04:17 / Observers) solo2: use aow?
(04:17 / Observers) tIMG4strok: he can start with making archers LOL1
(04:49 / Observers) TaysChreNN: moonjuice
(04:49 / Observers) TaysChreNN: for ss
(04:51 / Observers) TaysChreNN: ;\
(05:12 / Observers) BEAR_AND: latelatelate hh
(05:15 / Observers) solo2: late hh
(05:16 / Observers) solo2: g
(05:18 / Observers) solo2: g
(05:29 / Observers) tIMG4strok: panda can hold him over for a little maybe
(05:37 / Observers) BEAR_AND: woop
(05:37 / Observers) BEAR_AND: no
(05:39 / Observers) BEAR_AND: nag
(05:39 / Observers) solo2: dusa
(05:40 / Observers) solo2: =[
(05:49 / Observers) tIMG4strok: hes just gonna own the shit out of dk all game long i guess
(06:01 / Observers) BEAR_AND: that's what warden is for !
(06:15 / Observers) tIMG4strok: let's get dangerous - darkwing duck
(06:39 / Observers) westonb: aboms
(06:42 / Observers) tIMG4strok: no
(06:43 / Observers) tIMG4strok: gargs
(06:53 / Observers) solo2: he should get gargs
(06:57 / Observers) solo2: and abuse them
(07:05 / Observers) BEAR_AND: wrecking your lumbo
(07:13 / Observers) solo2: or godldmine
(07:14 / Observers) solo2: lol
(07:29 / Observers) BEAR_AND: wow if dude runs in and coils
(07:30 / Observers) BEAR_AND: lmfao
(07:37 / Observers) tIMG4strok: A Gildenberg Base.
(08:06 / Observers) BEAR_AND: nadman right clicking too fast
(08:08 / Observers) BEAR_AND: cancelled his hit
(08:15 / Observers) tIMG4strok: thats the worst
(08:16 / Observers) tIMG4strok: it's like
(08:19 / Observers) tIMG4strok: you're being too good
(08:21 / Observers) tIMG4strok: and it fucks you over
(08:29 / Observers) Gobiner: obviously not good enough
(08:58 / Observers) Gobiner: nadman needs a zig
(08:59 / Observers) solo2: 2 gargs
(09:00 / Observers) BEAR_AND: 2 2 
(09:21 / Observers) westonb: isn't nadman wasting time?
(09:27 / Observers) solo2: yes
(09:30 / Observers) BEAR_AND: just delaying until his t3 army
(09:38 / Observers) westonb: oic ty for this knowledge bomb
(09:41 / Observers) BEAR_AND: short of food though !
(09:57 / Observers) tIMG4strok: at the shop
(09:59 / Observers) BEAR_AND: wow watcher rune @ shop
(10:02 / Observers) tIMG4strok: a frost nova from the king of chop
(10:08 / Observers) TaysChreNN: rofl
(10:09 / Observers) BEAR_AND: wow owned
(10:10 / Observers) Gobiner: nice
(10:11 / Observers) TaysChreNN: oh dear
(10:15 / Observers) TaysChreNN: had tp n everything
(10:18 / Observers) TaysChreNN: lol
(10:20 / Observers) tIMG4strok: holy kapow
(10:34 / Observers) westonb: if only we could hear their vent
(10:43 / Observers) Gobiner: we need a portal
(10:45 / Observers) Gobiner: to another vent
(10:52 / Observers) solo2: LOL
(10:54 / Observers) tIMG4strok: open the airlock PSHHHHHH
(11:03 / Observers) BEAR_AND: mata 50
(11:07 / Observers) BEAR_AND: nad 39
(11:08 / Observers) tIMG4strok: 47
(11:10 / Observers) tIMG4strok: u attarded son?
(11:14 / Observers) tIMG4strok: 48
(11:16 / Observers) BEAR_AND: he had a yad going for a sec
(11:20 / Observers) BEAR_AND: cancelled
(11:21 / Observers) tIMG4strok: Attarded,
(11:26 / Observers) tIMG4strok: Tyler Attard
(11:30 / Observers) BEAR_AND: David Attardborough
(11:34 / Observers) TaysChreNN: oh dear
(11:37 / Observers) BEAR_AND: David "Videogame" Attardborough
(11:42 / Observers) tIMG4strok: haha
(11:45 / Observers) tIMG4strok: SOLO2
(11:46 / Observers) tIMG4strok: SOLO
(11:46 / Observers) TaysChreNN: dejavu
(11:46 / Observers) tIMG4strok: 2
(11:47 / Observers) iggy_the_fisk: lagger
(11:49 / Observers) solo2: sorry
(11:57 / Observers) tIMG4strok: dryad massacre
(12:02 / Observers) westonb: gargs going down
(12:06 / Observers) BANMEPLEASE: wow
(12:11 / Observers) BANMEPLEASE: this game is intense
(12:16 / Observers) iggy_the_fisk: run foolish naga
(12:29 / Observers) BEAR_AND: taste my lightning fucker
(12:41 / Observers) TaysChreNN: whoa
(12:42 / Observers) TaysChreNN: whoa
(12:43 / Observers) TaysChreNN: whoa
(12:46 / Observers) TaysChreNN: i thought this singcast was pg13
(12:50 / Observers) tIMG4strok: rally
(12:50 / Observers) tIMG4strok: got
(12:51 / Observers) tIMG4strok: owend
(13:15 / Observers) iggy_the_fisk: nice moonuse
(13:22 / Observers) tIMG4strok: a DIERAD?
(13:32 / Observers) BEAR_AND: moon juice....moon yuice
(13:39 / Observers) iggy_the_fisk: moon... use
(13:50 / Observers) tIMG4strok: make some emergency archers
(13:56 / Observers) tIMG4strok: some emergchers
(14:02 / Observers) solo2: gg mata
(14:05 / Observers) TaysChreNN: lewl
(14:20 / Observers) solo2: moon juice!
(14:22 / Observers) BEAR_AND: he didn't ahve a coil
(14:26 / Observers) tIMG4strok: WOWOWOWOWOWEEWAAAH
(15:00 / Observers) iggy_the_fisk: warden in trouble
(15:01 / Observers) solo2: needs orb
(15:14 / Observers) BEAR_AND: yads are pure feed
(15:14 / Observers) BEAR_AND: wow
(15:15 / Observers) TaysChreNN: lvl 2 ss
(15:16 / Observers) TaysChreNN: woulda killed
(15:17 / Observers) TaysChreNN: ;\
(15:19 / Observers) tIMG4strok: nah
(15:23 / Observers) solo2: so the yads
(15:27 / Observers) tIMG4strok: they're only feed because he doesnt have enough
(15:28 / Observers) solo2: do they give off more xp or less?
(15:29 / Observers) iggy_the_fisk: statues blight dk
(15:33 / Observers) BEAR_AND: well at that point they were feed
(15:38 / Observers) BEAR_AND: and yeah they give more xp now
(15:43 / Observers) BEAR_AND: they used to give the exp of a 2food unit
(15:45 / Observers) BEAR_AND: now 3
(15:47 / Observers) BEAR_AND: w/ the patch
(15:50 / Observers) solo2: wow
(15:55 / Observers) westonb: AoP for garg harass at main?
(15:57 / Observers) solo2: thats crazy
(15:59 / Observers) BEAR_AND: yep 
(16:04 / Observers) tIMG4strok: lich got tp
(16:05 / Observers) tIMG4strok: dk got NOThign
(16:07 / Observers) BEAR_AND: ud cookie involves owning wisps w/ garg
(16:18 / Observers) BEAR_AND: tp passed
(16:25 / Observers) solo2: dang
(16:32 / Observers) Gobiner: same
(16:35 / Observers) tIMG4strok: well idk
(16:37 / Observers) tIMG4strok: if he got expo
(16:45 / Observers) tIMG4strok: mata needs some anti magic potions
(17:16 / Observers) BEAR_AND: another tp
(17:18 / Observers) tIMG4strok: knaik
(17:19 / Observers) tIMG4strok: lmao
(17:22 / Observers) Gobiner: haha
(17:55 / Observers) westonb: hippos?
(18:20 / Observers) tIMG4strok: POW
(18:21 / Observers) TaysChreNN: oerflf
(18:22 / Observers) solo2: dang
(18:26 / Observers) tIMG4strok: ud gayest race
(18:32 / Observers) westonb: looks like a tough come back, hippos are coming
(18:41 / Observers) BANMEPLEASE: dk hasnt tped enough times
(18:47 / Observers) BEAR_AND: that's 4 or 5
(18:52 / Observers) Gobiner: who winds in hippo v garg
(18:53 / Observers) BANMEPLEASE: also hippos > gargs so much
(18:54 / Observers) Gobiner: wins
(18:56 / Observers) tIMG4strok: maybe mata can win this through a war of attrition
(19:03 / Observers) westonb: but he did scout that expo
(19:06 / Observers) BEAR_AND: scouted
(19:15 / Observers) tIMG4strok: here comes vamp aurfa
(19:17 / Observers) tIMG4strok: garg would win
(19:23 / Observers) solo2: carrion swarm?
(19:24 / Observers) tIMG4strok: betwixt nova and vamp,
(19:27 / Observers) Gobiner: sleep
(19:31 / Observers) tIMG4strok: no
(19:33 / Observers) tIMG4strok: he wouldnt get sleep
(19:36 / Observers) tIMG4strok: abolish
(19:41 / Observers) BEAR_AND: ?
(19:44 / Observers) BEAR_AND: oh
(19:54 / Observers) Gobiner: carrion better than sleep?
(20:02 / Observers) tIMG4strok: sleep would get instantly abolished
(20:02 / Observers) BEAR_AND: carrion not great vs garg
(20:05 / Observers) BEAR_AND: as it doesn't hit air
(20:32 / Observers) westonb: will 1 hippo be a big difference?
(20:35 / Observers) BEAR_AND: nop
(20:39 / Observers) tIMG4strok: if he autoattacks
(20:41 / Observers) tIMG4strok: itll hit hioppo
(20:42 / Observers) BEAR_AND: see poof
(20:42 / Observers) tIMG4strok: but yeah
(20:46 / Observers) Gobiner: sleep
(20:58 / Observers) tIMG4strok: even steven
(21:13 / Observers) TaysChreNN: coil nova
(21:19 / Observers) TaysChreNN: gosh
(21:44 / Observers) Gobiner: how high of a level does nadman need to be to win?
(21:45 / Observers) BEAR_AND: look at that necropolis build
(21:47 / Observers) Gobiner: 7/5/3?
(22:04 / Observers) tIMG4strok: necropolis goes up so fuckin fast
(22:26 / Observers) tIMG4strok: nadman
(22:27 / Observers) tIMG4strok: got
(22:27 / Observers) tIMG4strok: no
(22:28 / Observers) tIMG4strok: gold
(22:29 / Observers) tIMG4strok: no aco
(22:36 / Observers) tIMG4strok: and shit items to sell
(22:39 / Observers) BEAR_AND: gotta sell
(22:40 / Observers) tIMG4strok: dust is 37g
(22:42 / Observers) Gobiner: creep
(22:43 / Observers) tIMG4strok: gonna have to sell those boots
(22:46 / Observers) tIMG4strok: yeah creep too
(22:54 / Observers) tIMG4strok: this map has so many fucking creeps god damn
(22:55 / Observers) BEAR_AND: reds are golem
(23:07 / Observers) tIMG4strok: \scooting he base
(23:07 / Observers) westonb: aco on the way
(23:07 / Observers) BANMEPLEASE: whoa is wcr broken as hell for anyone
(23:08 / Observers) solo2: i dont really like this map
(23:18 / Observers) tIMG4strok: 87g
(23:30 / Observers) westonb: so if you hold alt key, it cancels the always bar
(23:34 / Observers) BEAR_AND: yep
(23:41 / Observers) tIMG4strok: aowind down
(23:44 / Observers) tIMG4strok: by creeps
(23:57 / Observers) tIMG4strok: manny
(24:01 / Observers) BEAR_AND: gg i think here
(24:19 / All) Mata.: gg
(24:21 / All) NADMaN: Gg
(24:24 / Observers) Gobiner: gg